 Dungeon Crawl Stone Soup version 0.20-a0-501-g0de2c2e (webtiles) character file.

72 Jmtri7 the Slasher (level 4, -2/35 HPs)
             Began as a Merfolk Monk on Jan 20, 2017.
             Slain by Grinder (6 damage)
             ... on level 3 of the Dungeon.
             The game lasted 00:04:54 (2224 turns).

Jmtri7 the Slasher (Merfolk Monk)                   Turns: 2224, Time: 00:04:57

Health: -2/35      AC:  5    Str: 11    XL:     4   Next: 25%
Magic:  4/4        EV: 16    Int:  9    God:
Gold:   60         SH:  0    Dex: 21    Spells: 3/3 levels left

rFire    . . .     SeeInvis .   a - +0 falchion
rCold    . . .     Gourm    .   b - +0 robe
rNeg     . . .     Faith    .   (no shield)
rPois    .         Spirit   .   (no helmet)
rElec    .         Reflect  .   w - +1 cloak
rCorr    .         Harm     .   d - +0 pair of gloves
MR       .....                  (no boots)
Stlth    ++........             (no amulet)
Regen    0.2/turn               (no ring)
                                u - +4 ring of dexterity

@: very slightly contaminated, hasted, very quick
A: change form in water, swift swim, stealthy swim
a: no special abilities


You were on level 3 of the Dungeon.
You were not hungry.

You visited 1 branch of the dungeon, and saw 3 of its levels.

You collected 60 gold pieces.

Inventory:

Hand Weapons
 a - a +0 falchion (weapon)
Armour
 b - a +0 robe (worn)
 d - a +0 pair of gloves (worn)
 w - a +1 cloak (worn)
Jewellery
 u - a +4 ring of dexterity (left hand)
Wands
 r - a wand of digging (20/24)
Scrolls
 f - 3 scrolls of identify {unknown}
 g - a scroll of blinking {unknown}
 j - 5 scrolls of teleportation {unknown}
 k - 2 scrolls of amnesia {unknown}
 m - a scroll of immolation {unknown}
 t - a scroll of enchant weapon {unknown}
 x - a scroll of remove curse {unknown}
 y - a scroll of fear {unknown}
 z - a scroll of enchant armour {unknown}
Potions
 e - 2 potions of haste
 h - a potion of cancellation {unknown}
 i - a potion of lignification {unknown}
 l - a potion of magic {unknown}
 n - 2 potions of brilliance {unknown}
 o - a potion of cure mutation {unknown}
 p - 2 potions of heal wounds {unknown}
 s - 2 potions of flight {unknown}
Comestibles
 c - 3 bread rations
 q - 2 chunks of flesh
 v - 2 slices of pizza


   Skills:
 - Level 3.2 Fighting
 + Level 5.0 Long Blades
 - Level 4.7 Dodging
 - Level 2.1 Stealth


You had 3 spell levels left.
You didn't know any spells.

Dungeon Overview and Level Annotations

Branches:
Dungeon (3/15)

Altars:

Annotations:
D:3 Grinder


Message History

Sorry, you can't target yourself.
Okay, then.
It was a potion of haste.
You feel yourself speed up. Grinder closely misses you.
You are very lightly contaminated with residual magic.
You closely miss Grinder.
Grinder is lightly wounded.
Grinder closely misses you.
You completely miss Grinder.
Grinder is lightly wounded.
You miss Grinder.
Grinder is lightly wounded.
Grinder completely misses you.
You hit Grinder but do no damage.
Grinder is lightly wounded.
Grinder says, "Mostly I couldn't keep them alive."
Grinder hits you!
* * * LOW HITPOINT WARNING * * *
You writhe in agony.
You die...

...............#...#
..........#......###.##...#
...........................
.... ....#...#......##...#
.###..##.#.#................
.................(.........#
....$.......................
#.........###..............
#.....>5@......###.##....
#..............# #.##....
....................... .#
...............###### ##
.#.#######.###.# # ### ###


You could see Grinder.

Vanquished Creatures
  2 adders
  An ooze (D:2)
  A worm (D:2)
  A dart slug (D:1)
  3 leopard geckos (D:1)
  An orc (D:3)
  A giant cockroach (D:3)
  5 goblins
  2 hobgoblins
  4 kobolds
  2 quokkas (D:3)
  8 bats
  5 frilled lizards
  8 rats
44 creatures vanquished.

Notes
Turn   | Place    | Note
-------+----------+-------------------------------------------
     0 | D:1      | Jmtri7 the Merfolk Monk began the quest for the Orb.
     0 | D:1      | Reached XP level 1. HP: 18/18 MP: 1/1
   333 | D:1      | Reached XP level 2. HP: 24/24 MP: 2/2
  1004 | D:2      | Reached skill level 4 in Long Blades
  1064 | D:2      | Reached XP level 3. HP: 26/29 MP: 3/3
  1945 | D:3      | Reached XP level 4. HP: 35/35 MP: 4/4
  1950 | D:3      | Reached skill level 5 in Long Blades
  2205 | D:3      | Noticed Grinder
  2224 | D:3      | Slain by Grinder

Vault maps used:
D:1:      saegor_arrival_simple_f, minmay_pentomino_r4
D:2:      kennysheep_generic_room_7
D:3:      lemuel_coloured_pillars_altar, first_bread, uniq_grinder

Skill      XL: |  1  2  3  4 |
---------------+-------------+-----
Long Blades    | 4 5 |  5.0
Fighting       | |  3.2
Dodging        | |  4.7
Stealth        | |  2.1

Action                   |  1- 3 |  4- 6 || total
-------------------------+-------+-------++-------
Melee: Falchion          |   103 |    21 ||   124
  Use: Potion            |       |     1 ||     1
 Stab: Sleeping          |     9 |     1 ||    10
  Eat: Chunk             |     3 |     1 ||     4
Armor: Robe              |    17 |     7 ||    24
Dodge: Dodged            |    95 |    35 ||   130
       Rpst.: Falchion   |    33 |    11 ||    44
